 Dungeon Crawl Stone Soup version 0.22-a0-78-g0f8607c (webtiles) character file.

415 Amnesiac the Conjurer (level 6, -4/38 HPs)
             Began as a Deep Elf Conjurer on Jan 16, 2018.
             Slain by KristoblXynda's ghost (9 damage)
             ... on level 4 of the Dungeon.
             The game lasted 00:07:32 (3674 turns).

Amnesiac the Conjurer (Deep Elf Conjurer)           Turns: 3674, Time: 00:07:33

Health: -4/38      AC:  5    Str:  5    XL:     6   Next: 60%
Magic:  11/15      EV: 14    Int: 22    God:
Gold:   117        SH:  0    Dex: 15    Spells: 8/15 levels left

rFire    . . .     SeeInvis .   r - -2 blowgun
rCold    . . .     Gourm    .   (no shield)
rNeg     . . .     Faith    .   a - +0 robe
rPois    .         Spirit   .   (no helmet)
rElec    .         Reflect  .   (no cloak)
rCorr    .         Harm     .   n - +2 pair of gloves
MR       .....                  (no boots)
Stlth    +.........             (no amulet)
HPRegen  0.12/turn              k - ring of flight
MPRegen  0.14/turn              (no ring)

@: very slow
A: no striking features
a: Evoke Flight


You were on level 4 of the Dungeon.
You were not hungry.

You visited 1 branch of the dungeon, and saw 4 of its levels.
You also visited: Sewer.

You collected 117 gold pieces.

Inventory:

Hand Weapons
 r - a -2 blowgun (weapon)
Missiles
 q - 36 poisoned needles (quivered)
 t - 18 stones
Armour
 a - a +0 robe (worn)
 n - a +2 pair of gloves (worn)
Jewellery
 k - a ring of flight (left hand)
Wands
 d - a wand of clouds (5)
 h - a wand of disintegration (22)
 i - a wand of flame (30)
Scrolls
 e - a scroll of teleportation {!r}
 f - 4 scrolls of enchant armour {!r}
 g - 3 scrolls of identify {!r}
 x - a scroll of amnesia {!r}
 y - a scroll of remove curse {!r}
Potions
 j - a potion of magic {!q, unknown}
 l - 2 potions of agility {!q, unknown}
 m - a potion of mutation {!q, unknown}
 o - 2 potions of invisibility {!q, unknown}
 p - 2 potions of flight {!q}
 u - 2 potions of brilliance {!q, unknown}
 v - a potion of heal wounds {!q, unknown}
 w - 8 potions of curing {!q}
 z - 2 potions of might {!q, unknown}
Books
 b - a book of Conjurations

   Spells                             Type                      Level
   a - Magic Dart                     Conjuration                  1
   b - Searing Ray                    Conjuration                  2
   c - Dazzling Spray                 Conjuration/Hexes            3
   d - Fulminant Prism                Conjuration/Hexes            4
   e - Force Lance                    Conjuration/Translocation    4
   f - Iskenderun's Mystic Blast      Conjuration                  4
Comestibles
 c - 9 rations
 s - a chunk of flesh


   Skills:
 * Level 3.8 Fighting
 + Level 3.6 Dodging
 - Level 2.4 Stealth
 - Level 5.0 Spellcasting
 + Level 5.5 Conjurations


You had 8 spell levels left.
You knew the following spells:

 Your Spells              Type           Power        Failure   Level  Hunger
a - Magic Dart            Conj           ####         1%          1    None
b - Fulminant Prism       Conj/Hex       ###.......   32%         4    ####...
d - Searing Ray           Conj           ####..       1%          2    None


Dungeon Overview and Level Annotations

Branches:
Dungeon (4/15)
 Temple: D:4-7

Altars:
Ashenzari
Uskayaw
Vehumet
Xom
Yredelemnul
The Shining One

Annotations:
D:4 KristoblXynda's ghost, amateur DrFi


Message History

Welcome back to the Dungeon!
Level annotation: KristoblXynda's ghost, amateur DrFi The rat twitches its whiskers.
There is a collapsed entrance here.
Okay, then.
Casting: Magic Dart
Confirm with . or Enter, or press ? or * to list all spells.
Aiming: Magic Dart
Press: ? - help, Shift-Dir - straight line, f - rat
Aim: a rat (hasn't noticed you)
The magic dart hits the rat.
You kill the rat!
KristoblXynda's ghost hits you.
Casting: Magic Dart
Confirm with . or Enter, or press ? or * to list all spells.
Aiming: Magic Dart
Press: ? - help, Shift-Dir - straight line, f - rat
Aim: a rat The magic dart hits the rat.
The rat is heavily wounded.
KristoblXynda's ghost completely misses you.
Casting: Magic Dart
Confirm with . or Enter, or press ? or * to list all spells.
Aiming: Magic Dart
Press: ? - help, Shift-Dir - straight line, f/p - rat
Aim: a rat (heavily wounded)
The magic dart hits the rat.
You kill the rat!
KristoblXynda's ghost hits you.
Casting: Magic Dart
Confirm with . or Enter, or press ? or * to list all spells.
Aiming: Magic Dart
Press: ? - help, Shift-Dir - straight line, f - rat
Aim: a rat The magic dart hits the rat.
The rat is moderately wounded.
KristoblXynda's ghost closely misses you.
The rat misses you.
Casting: Magic Dart
Confirm with . or Enter, or press ? or * to list all spells.
Aiming: Magic Dart
Press: ? - help, Shift-Dir - straight line, f/p - rat
Aim: a rat (moderately wounded)
The magic dart hits the rat.
You kill the rat!
KristoblXynda's ghost hits you. KristoblXynda's ghost hits you.
There is a large open door, spattered with blood here.
Things that are here:
a rat corpse x2
You butcher the rat corpse.
KristoblXynda's ghost misses you.
There is a large open door, spattered with blood here.
Things that are here:
a rat corpse; a chunk of flesh
s - a chunk of flesh KristoblXynda's ghost hits you!
* * * LOW HITPOINT WARNING * * *
You enter the shallow water.
Moving in this stuff is going to be slow.
KristoblXynda's ghost hits you!
* * * LOW HITPOINT WARNING * * *
KristoblXynda's ghost whispers, "They're coming for you..."
KristoblXynda's ghost hits you!
You die...

.. ###### .. ...... #.
..... #.########## ....
#.#........# ..#
#.#.######.#####)###...
#...#≈.≈≈#...........#
##...##W†##.####.######
#..#..#≈@#..# ##.#
#.##.##≈≈##.# #..# ###
#....#≈≈≈≈#.# #.## ####..
#.#..#≈≈≈≈#.###.####....#
#. ##.##≈≈##..##......####
# #..#≈≈#......######
#.###..'##'....###########
#...............#.........
#####..(##.............###


You could see KristoblXynda's ghost.

Vanquished Creatures
  A big kobold (Sewer)
  An iguana (D:4)
  Natasha (thrice) (D:2)
  A howler monkey skeleton (D:4)
  7 river rats (Sewer)
  5 adders
  2 oozes
  2 worms (D:3)
  A dart slug (D:1)
  2 leopard geckos (D:3)
  An orc (D:3)
  3 giant cockroaches
  11 goblins
  5 hobgoblins
  12 jackals
  22 kobolds
  2 quokkas
  5 ball pythons (Sewer)
  5 bats
  7 frilled lizards
  25 rats
123 creatures vanquished.

Notes
Turn   | Place    | Note
-------+----------+-------------------------------------------
     0 | D:1      | Amnesiac the Deep Elf Conjurer began the quest for the Orb.
     0 | D:1      | Reached XP level 1. HP: 10/10 MP: 6/6
   179 | D:1      | Reached XP level 2. HP: 16/16 MP: 2/8
   250 | D:1      | Reached skill level 1 in Fighting
   464 | D:1      | Reached XP level 3. HP: 20/20 MP: 1/10
   872 | D:2      | Noticed Natasha
   877 | D:2      | Killed Natasha
   877 | D:2      | Reached XP level 4. HP: 26/26 MP: 6/12
   919 | D:2      | Noticed Natasha
   925 | D:2      | Killed Natasha
   925 | D:2      | Reached skill level 5 in Conjurations
   925 | D:2      | Noticed Natasha
   933 | D:2      | Killed Natasha
  1135 | D:2      | Found a shattered altar of Ashenzari.
  1176 | D:2      | Reached XP level 5. HP: 31/31 MP: 10/13
  1475 | D:2      | Learned a level 4 spell: Fulminant Prism
  1619 | D:3      | Reached skill level 5 in Spellcasting
  1857 | D:3      | Found a radiant altar of Vehumet.
  2010 | D:3      | Found a hide-covered altar of Uskayaw.
  2012 | D:3      | Found a basalt altar of Yredelemnul.
  2201 | D:3      | Found a shimmering altar of Xom.
  2268 | D:3      | Found a glowing golden altar of the Shining One.
  2330 | D:3      | Learned a level 2 spell: Searing Ray
  2399 | D:4      | Noticed KristoblXynda's ghost (amateur DrFi)
  2729 | D:4      | Found a glowing drain.
  2733 | Sewer    | Entered a sewer
  2822 | Sewer    | Learned a level 1 spell: Magic Dart
  3000 | Sewer    | Reached XP level 6. HP: 37/37 MP: 10/15
  3674 | D:4      | Slain by KristoblXynda's ghost

Vault maps used:
D:1:      nagdon_arrival_double_spiral
D:2:      first_ration, nicolae_ashenzari_panopticon, uniq_natasha
D:3:      tso_oasis_becter, lemuel_crystal_altar, grunt_temple_overflow_open
D:4:      gup_sewer_entry_bowl, minmay_misc_feat_x, minmay_ruptured
Sewer:    sewer_minmay_treatment

Skill      XL: |  1  2  3  4  5 |
---------------+----------------+-----
Fighting       | 1 2 3 |  3.8
Spellcasting   | 4 5 |  5.0
Conjurations   | 5 |  5.5
Dodging        | 3 |  3.6
Stealth        | |  2.4

Action                   |  1- 3 |  4- 6 || total
-------------------------+-------+-------++-------
Melee: Unarmed           |       |     1 ||     1
 Fire: Blowgun           |       |    39 ||    39
Throw: Stone             |       |     7 ||     7
 Cast: Magic Dart        |    73 |   148 ||   221
       Searing Ray       |       |    14 ||    14
 Abil: Evoke Flight      |       |     1 ||     1
  Use: Potion            |       |     2 ||     2
       Scroll            |       |     6 ||     6
  Eat: Chunk             |       |     5 ||     5
       Ration            |       |     1 ||     1
Armor: Robe              |     2 |    26 ||    28
Dodge: Dodged            |    11 |    51 ||    62

Table legend:
 A = Spawn XP
 B = Non-spawn XP
 C = Spawn XP percentage of total XP
 D = Spawn monster count
 E = Non-spawn monster count
 F = Spawn count percentage of total count
 G = Total turns spent on level
                    A         B        C        D         E        F      G
               +---------+---------+-------+---------+---------+-------+---------
         Total |       0 |     594 |   0.0 |       0 |     123 |   0.0 |  3674
               +---------+---------+-------+---------+---------+-------+---------
           D:1 |       0 |      58 |   0.0 |       0 |      28 |   0.0 |   746
           D:2 |       0 |     143 |   0.0 |       0 |      16 |   0.0 |   786
           D:3 |       0 |      67 |   0.0 |       0 |      22 |   0.0 |   807
           D:4 |       0 |      74 |   0.0 |       0 |       9 |   0.0 |   403
         Sewer |       0 |     252 |   0.0 |       0 |      48 |   0.0 |   932
               +---------+---------+-------+---------+---------+-------+---------
